Description

BO explained by harstem, make 3 obs and 3 colossi without interruptions. after 3rd colo get a prism.

Replay - Trying traps build

Build Order

Get SALT Encoding   

  12  0:00  Probe  
  13  0:12  Probe  
  14  0:18  Pylon  
  14  0:24  Probe  
  15  0:36  Gateway  
  15  0:37  Probe (Chrono Boost)  
  16  0:42  Assimilator  
  16  0:47  Probe (Chrono Boost)  
  17  0:54  Probe  
  18  1:06  Probe  
  19  1:18  Probe  
  20  1:23  Cybernetics Core  
  20  1:32  Nexus  
  20  1:39  Pylon  
  20  1:42  Probe  
  21  1:47  Assimilator  
  21  1:54  Probe  
  22  1:56  Adept (Chrono Boost)  
  22  2:00  Warp Gate  
  24  2:07  Shield Battery  
  26  2:23  Stalker  
  29  2:34  Twilight Council  
  32  2:56  Robotics Facility  
  35  3:12  Blink (Chrono Boost)  
  37  3:20  Gateway  
  39  3:31  Gateway  
  39  3:36  Assimilator  
  41  3:42  Assimilator  
  41  3:44  Observer  
  42  3:48  Stalker  
  44  3:51  Pylon  
  46  4:00  Pylon  
  47  4:09  Observer  
  51  4:22  Forge  
  51  4:24  Robotics Bay  
  52  4:28  Stalker x2  
  57  4:33  Observer  
  59  4:35  Stalker  
  61  4:58  Pylon  
  61  5:03  Nexus  
  61  5:15  Protoss Ground Weapons Level 1 (Chrono Boost), Colossus (Chrono Boost)  
  61  5:20  Extended Thermal Lance  
  67  5:25  Charge  
  73  5:52  Colossus (Chrono Boost)  
  81  6:00  Gateway x2  
  86  6:20  Assimilator x2  
  86  6:23  Sentry x3  
  95  6:34  Colossus (Chrono Boost)  
  95  6:35  Shield Battery  
  100  7:00  Stalker x5  
  113  7:07  Gateway x2  
  113  7:13  Gateway  
  115  7:16  Gravitic Drive  
  115  7:17  Templar Archives  
  115  7:21  Warp Prism (Chrono Boost)  
  119  7:48  Forge  
  119  7:56  High Templar x4  
  119  7:57  Observer (Chrono Boost)  
  119  7:58  Zealot  
  130  8:00  Archon x2  
  130  8:06  Zealot x2  
  137  8:22  Nexus  
  137  8:25  High Templar x2  
  144  8:34  Gateway x2  
  144  8:36  Protoss Ground Weapons Level 2 (Chrono Boost)  
  144  8:37  Protoss Shields Level 1 (Chrono Boost)  
  144  8:49  Archon  
  144  9:07  High Templar x4  
  144  9:08  Zealot x4  
  160  9:11  Archon x2  
  160  9:18  Immortal (Chrono Boost)  
  164  9:33  Zealot x3  
  180  9:43  Immortal (Chrono Boost)  
  184  9:50  Assimilator x2  
  184  9:57  Shield Battery x2  
Spawning Tool Build Advisor. Get it on Overwolf

Analysis

-

Go to:

Details

  • Created by: diecesar
  • Published on: Aug 08, 2020
  • Modified on: Aug 08, 2020
  • Patch: 4.11.0
  • Difficulty: Easy
Show
View Real Time Build Order
Export as new Build Order

Comments (0)

There are no comments. Be the first!

Create an account to comment!